 Dungeon Crawl Stone Soup version 0.29-a0-393-g47a863cc1b (webtiles) character file.

Game seed: 599533470550606475

10381 ytrimaz the Basher (level 11, -2/85 HPs)
             Began as a Demonspawn Fighter on May 10, 2022.
             Was an Elder of Okawaru.
             Slain by a boulder beetle (10 damage)
             ... on level 10 of the Dungeon.
             The game lasted 00:15:07 (11012 turns).

ytrimaz the Basher (Demonspawn Fighter)            Turns: 11012, Time: 00:15:08

Health: -2/85      AC: 14    Str: 22    XL:     11   Next: 35%
Magic:  0/16       EV: 13    Int: 11    God:    Okawaru [****..]
Gold:   412        SH:  6    Dex: 14    Spells: 10/10 levels left

rFire   . . .      SeeInvis +   r - +0 eveningstar
rCold   . . .      Faith    .   c - +0 buckler
rNeg    . . .      Spirit   +   d - +0 steam dragon scales
rPois   +          Reflect  .   (helmet unavailable)
rElec   +          Harm     .   b - +0 cloak
rCorr   .          Rampage  .   v - +0 pair of gloves
Will    .....      NoTele   +   l - +2 pair of boots
Stlth   ++++......              j - amulet of Nusetokh {-Tele rElec rPois Regen+ Stlth+}
HPRegen 1.04/turn               y - ring of flight
MPRegen 0.30/turn               (no ring)

@: heroic, finesse-ful, flying, unable to read
A: antennae 3, icy blue scales 2, magic shield, magic regeneration, magic link,
clever 1, deformed body, strong 1, no potion heal 1, inability to read while
threatened
a: Renounce Religion, Heroism, Finesse


You were on level 10 of the Dungeon.
You worshipped Okawaru.
Okawaru was greatly pleased with you.
You visited 1 branch of the dungeon, and saw 11 of its levels.

You collected 542 gold pieces.
You spent 130 gold pieces at shops.

Inventory:

Hand Weapons
 a - a +0 war axe
 r - a +0 eveningstar (weapon)
 s - the +10 long sword "Raffay" {chaos, rPois rN++ Int+6}
   (You found it on level 4 of the Dungeon)

   Each time it hits an enemy it has a different, random effect.
   Int:       It affects your intelligence (+6).
   rPois:     It protects you from poison.
   rN:        It greatly protects you from negative energy.
Armour
 b - a +0 cloak (worn)
 c - a +0 buckler (worn)
 d - +0 steam dragon scales (worn)
 l - a +2 pair of boots (worn)
 v - a +0 pair of gloves (worn)
Jewellery
 j - the amulet of Nusetokh (around neck) {-Tele rElec rPois Regen+ Stlth+}
   (You found it on level 4 of the Dungeon)

   [amulet of regeneration]

   rElec:     It insulates you from electricity.
   rPois:     It protects you from poison.
   -Tele:     It prevents most forms of teleportation.
   Regen:     It increases your rate of health regeneration.
   Stlth:     It makes you more stealthy.
 y - a ring of flight (left hand)
 B - an amulet of regeneration
Wands
 e - a wand of mindburst (6)
 i - a wand of flame (67)
 u - a wand of digging (2)
 F - a wand of iceblast (2)
Scrolls
 f - 2 scrolls of amnesia
 m - 2 scrolls of noise
 t - a scroll of teleportation
 x - a scroll of enchant weapon
 z - a scroll of immolation
 A - a scroll of fear
 D - a scroll of poison
 G - a scroll of magic mapping
Potions
 g - 5 potions of brilliance
 h - 3 potions of curing
 k - a potion of flight {unknown}
 n - a potion of lignification {unknown}
 o - 3 potions of berserk rage
 q - 2 potions of ambrosia {unknown}
 w - 2 potions of magic {unknown}
 C - 3 potions of heal wounds
 E - a potion of haste


   Skills:
 + Level 7.7(12.7) Fighting
 - Level 4.8(13.9) Axes
 * Level 11.5(16.9) Maces & Flails
 * Level 7.0(12.0) Armour
 - Level 4.3(9.3) Shields
 * Level 6.7 Invocations


You had 10 spell levels left.
You didn't know any spells.
Your spell library contained the following spells:

 Spells                   Type           Power      Damage    Failure   Level
 Sandblast                Erth           0%         2d4       41%         1
 Passwall                 Tmut/Erth      0%         N/A       54%         2
 Scorch                   Fire           0%         2d5       54%         2
 Sublimation of Blood     Necr           0%         N/A       54%         2
 Dazzling Flash           Conj/Hex       0%         N/A       78%         3
 Ignite Poison            Fire/Tmut/Pois 0%         N/A       78%         3
 Mephitic Cloud           Conj/Pois/Air  0%         N/A       78%         3
 Stone Arrow              Conj/Erth      0%         3d7       78%         3
 Flame Wave               Conj/Fire      0%         2d4       99%         4
 Fulminant Prism          Conj/Hex       0%         3d6       99%         4
 Iskenderun's Mystic Bla  Conj/Tloc      0%         2d3       99%         4
 Petrify                  Tmut/Erth      0%         N/A       99%         4
 Agony                    Necr           0%         N/A       100%        5
 Freezing Cloud           Conj/Ice/Air   0%         6-21      100%        5
 Irradiate                Conj/Tmut      0%         3d13      100%        5
 Lee's Rapid Deconstruct  Erth           0%         3d5*      100%        5
 Silence                  Hex/Air        0%         N/A       100%        5
 Summon Cactus Giant      Summ           Unusable   N/A       N/A         6

Dungeon Overview and Level Annotations

Branches:
Dungeon (11/15)            Temple (0/1) D:6
   Lair: D:8-11         Orc: D:9-12

Altars:
Elyvilon
Okawaru
Ru
Wu Jian
Xom
The Shining One

Shops:
D:2 [   D:3 (   D:4 *

Annotations:
D:9 1 runed translucent door, loir's ghost, novice DjCj
D:10 exclusion: door


Innate Abilities, Weirdness & Mutations

You have a pair of large antennae on your head. (SInv)
You are mostly covered in icy blue scales. (AC +3)
When hurt, damage is shared between your health and your magic reserves.
You regenerate magic rapidly.
When low on magic, you restore magic in place of health.
Your mind is acute. (Int +2)
Armour fits poorly on your strangely shaped body.
Your muscles are strong. (Str +2)
Potions are less effective at restoring your health.
You sometimes lose the ability to read scrolls when taking damage.


Message History

You block the boulder beetle's attack.
You hit the boulder beetle but do no damage.
The boulder beetle is moderately wounded.
You hit the boulder beetle.
The boulder beetle is moderately wounded.
You hit the boulder beetle but do no damage.
The boulder beetle is moderately wounded.
The boulder beetle bites you.
You hit the boulder beetle but do no damage.
The boulder beetle is moderately wounded.
You hit the boulder beetle but do no damage.
The boulder beetle is moderately wounded.
The boulder beetle bites you!
You feel threatened and lose the ability to read scrolls!
You bludgeon the boulder beetle!!
The boulder beetle is heavily wounded.
You hit the boulder beetle but do no damage.
The boulder beetle is heavily wounded.
You bludgeon the boulder beetle!!
The boulder beetle is severely wounded.
The boulder beetle leaps!
The boulder beetle leaps!
Unknown command.
The boulder beetle leaps!
The boulder beetle curls into a ball and begins rolling!
You feel like a meek peon again.
You hit the boulder beetle.
The boulder beetle is severely wounded.
The boulder beetle hits you!!!
* * * LOW HITPOINT WARNING * * *
The boulder beetle stops rolling and uncurls.
Unknown command.
You barely miss the boulder beetle.
The boulder beetle is severely wounded.
You hit the boulder beetle but do no damage.
The boulder beetle is severely wounded.
The boulder beetle closely misses you.
You gain the combat prowess of a mighty hero.
The boulder beetle bites you!
You die...

##### ####...###
###........## ###
###...........# ####.#
#.............# ###...##
##............>## ###...###
#...............#######...###
................@B..##....##
.............#####.........##
#...........## ###........##
#..........## #.........#
..........## #......####
.........## #..#####
......#### #..# #..#### #..#
#### #°.#


You could see a boulder beetle.

Vanquished Creatures
  Erolcha (D:10)
  2 two-headed ogres
  Joseph (D:7)
  2 gargoyles
  Maggie (D:7)
  A troll (D:10)
  Prince Ribbit (D:5)
  Sigmund (D:4)
  A shadow (D:10)
  A wyvern (D:8)
  12 yaks
  4 fire bats (D:10)
  A vampire (D:10)
  Eustachio (D:5)
  3 steam dragons (D:9)
  2 acid dragons
  A water moccasin (D:5)
  3 orc warriors
  A black bear (D:6)
  A sky beast (D:7)
  2 ogres
  3 ice beasts
  2 centaurs (D:9)
  3 kobold brigands (D:10)
  2 bullfrogs
  A necrophage (D:6)
  A gnoll sergeant (D:9)
  2 scorpions (D:5)
  3 wights (D:8)
  5 killer bees (D:9)
  6 howler monkeys
  5 electric eels (D:6)
  9 orc priests
  Crazy Yiuf (D:7)
  2 gnoll shamans
  3 hounds
  2 iguanas
  5 orc wizards
  11 gnolls
  4 adders
  2 shadow imps
  A white imp (D:7)
  2 ufetubi
  A worm (D:2)
  24 orcs
  4 ball pythons
  9 endoplasms
  2 giant cockroaches
  7 goblins
  11 hobgoblins
  17 jackals
  13 kobolds
  4 quokkas
  4 bats
  2 frilled lizards
  3 rats
219 creatures vanquished.

Vanquished Creatures (others)
  A gnoll (D:9)
  An adder (D:6)
  12 plants (D:6)
14 creatures vanquished.

Grand Total: 233 creatures vanquished

Notes
Turn   | Place    | Note
-------+----------+-------------------------------------------
     0 | D:1      | ytrimaz the Demonspawn Fighter began the quest for the Orb.
     0 | D:1      | Reached XP level 1. HP: 18/18 MP: 1/1
   214 | D:1      | Gained mutation: You are partially covered in icy blue
                  | scales. (AC +2) [demonic ancestry]
   214 | D:1      | Reached XP level 2. HP: 21/24 MP: 2/2
  1141 | D:2      | Gained mutation: You have a pair of small antennae on your
                  | head. [demonic ancestry]
  1141 | D:2      | Reached XP level 3. HP: 6/29 MP: 3/3
  1834 | D:2      | Found Tank's Antique Armour Shoppe.
  2084 | D:2      | Gained mutation: You have a pair of antennae on your head.
                  | [demonic ancestry]
  2084 | D:2      | Reached XP level 4. HP: 35/35 MP: 4/4
  2685 | D:3      | Found Obregu's Weapon Shoppe.
  2897 | D:3      | Noticed an ice beast
  2910 | D:3      | Killed an ice beast
  2911 | D:3      | Gained mutation: You regenerate magic rapidly. [demonic
                  | ancestry]
  2911 | D:3      | Reached XP level 5. HP: 35/42 MP: 5/5
  3262 | D:4      | Noticed Sigmund
  3268 | D:4      | Killed Sigmund
  3269 | D:4      | Gained mutation: When hurt, damage is shared between your
                  | health and your magic reserves. [demonic ancestry]
  3269 | D:4      | Reached XP level 6. HP: 32/48 MP: 6/6
  3841 | D:4      | Found Atuddu's Lightly-Used Armoury.
  4194 | D:4      | Bought a -1 eveningstar for 130 gold pieces
  4213 | D:4      | Identified the +10 long sword "Raffay" {chaos, rPois rN++
                  | Int+6}
  4306 | D:4      | Identified the amulet of Nusetokh {-Tele rElec rPois Regen+
                  | Stlth+}
  4379 | D:5      | Entered Level 5 of the Dungeon
  4487 | D:5      | Reached XP level 7. HP: 43/55 MP: 4/7
  4590 | D:5      | Reached skill level 1 in Maces & Flails
  4841 | D:5      | Noticed Prince Ribbit
  4858 | D:5      | Reached skill level 2 in Maces & Flails
  4862 | D:5      | Killed Prince Ribbit
  4863 | D:5      | Reached skill level 5 in Fighting
  4863 | D:5      | Reached skill level 5 in Armour
  4863 | D:5      | Reached XP level 8. HP: 21/62 MP: 2/8
  4929 | D:5      | Noticed Eustachio
  4960 | D:5      | Killed Eustachio
  4961 | D:5      | Reached skill level 3 in Maces & Flails
  5593 | D:6      | Found a sacrificial altar of Ru.
  5697 | D:6      | Found an iron altar of Okawaru.
  5714 | D:6      | Became a worshipper of Warmaster Okawaru
  5715 | D:6      | Identified the +2 spear of Wounding {protect, rElec}
  5755 | D:6      | Reached skill level 4 in Maces & Flails
  5804 | D:6      | Reached skill level 1 in Invocations
  6005 | D:6      | Found an ornate altar of the Wu Jian Council.
  6024 | D:6      | Reached skill level 5 in Maces & Flails
  6024 | D:6      | Gained mutation: You are mostly covered in icy blue scales.
                  | (AC +3) [demonic ancestry]
  6024 | D:6      | Reached XP level 9. HP: 69/69 MP: 10/10
  6173 | D:6      | Found a staircase to the Ecumenical Temple.
  6334 | D:7      | Noticed Joseph
  6353 | D:7      | Killed Joseph
  6353 | D:7      | Reached * piety under Okawaru
  6488 | D:7      | Found a runed translucent door.
  6489 | D:7      | Noticed Crazy Yiuf
  6685 | D:7      | Noticed a gargoyle
  6708 | D:7      | Killed a gargoyle
  6709 | D:7      | Reached skill level 6 in Maces & Flails
  6786 | D:7      | Noticed Maggie
  6808 | D:7      | Killed Maggie
  6809 | D:7      | Reached skill level 7 in Maces & Flails
  7076 | D:7      | Killed Crazy Yiuf
  7148 | D:8      | Noticed a two-headed ogre
  7159 | D:8      | Gained mutation: You occasionally shout uncontrollably at
                  | your foes. [potion of mutation]
  7159 | D:8      | Gained mutation: Your flesh is heat resistant. (rF+)
                  | [potion of mutation]
  7176 | D:8      | HP: 1/70 [two-headed ogre/+0 giant club (21)]
  7179 | D:8      | Killed a two-headed ogre
  7179 | D:8      | Reached ** piety under Okawaru
  7180 | D:8      | Reached skill level 8 in Maces & Flails
  7347 | D:8      | Lost mutation: You occasionally shout uncontrollably at
                  | your foes. [potion of mutation]
  7347 | D:8      | Lost mutation: Your flesh is heat resistant. (rF+) [potion
                  | of mutation]
  7347 | D:8      | Gained mutation: Armour fits poorly on your strangely
                  | shaped body. [potion of mutation]
  7347 | D:8      | Gained mutation: Your mind is acute. (Int +2) [potion of
                  | mutation]
  7347 | D:8      | Gained mutation: You have hidden genetic defects. [potion
                  | of mutation]
  7347 | D:8      | Gained mutation: Your muscles are strong. (Str +2) [potion
                  | of mutation]
  7375 | D:8      | Gained mutation: When low on magic, you restore magic in
                  | place of health. [demonic ancestry]
  7375 | D:8      | Reached XP level 10. HP: 71/77 MP: 11/13
  7406 | D:8      | Reached *** piety under Okawaru
  7431 | D:8      | Gained mutation: Potions are less effective at restoring
                  | your health. [hidden defects]
  7755 | D:8      | Noticed a six-headed hydra
  7808 | D:8      | Reached skill level 5 in Invocations
  7856 | D:8      | Reached skill level 9 in Maces & Flails
  8200 | D:8      | Gained mutation: You sometimes lose the ability to read
                  | scrolls when taking damage. [hidden defects]
  8200 | D:8      | Lost mutation: You have hidden genetic defects. [hidden
                  | defects expressed]
  8583 | D:9      | Reached **** piety under Okawaru
  8614 | D:9      | Found a runed translucent door.
  8615 | D:9      | Found a shimmering altar of Xom.
  8615 | D:9      | Noticed loir's ghost (novice DjCj)
  8619 | D:9      | Noticed a +0 flail of chaos
  8663 | D:9      | Reached skill level 10 in Maces & Flails
  8777 | D:9      | Found an opulent altar of Gozag.
  8779 | D:9      | Found a stormy altar of Qazlal.
  8779 | D:9      | Found an iron altar of Okawaru.
  8781 | D:9      | Found a broken altar of Ashenzari.
  8781 | D:9      | Found a shimmering altar of Xom.
  8993 | D:9      | Noticed a two-headed ogre
  9003 | D:9      | Killed a two-headed ogre
  9469 | D:10     | Entered Level 10 of the Dungeon
  9499 | D:10     | Gained mutation: You have a pair of large antennae on your
                  | head. (SInv) [demonic ancestry]
  9499 | D:10     | Reached XP level 11. HP: 41/84 MP: 15/15
  9706 | D:10     | Noticed Erolcha
  9716 | D:10     | Killed Erolcha
  9820 | D:10     | Reached skill level 11 in Maces & Flails
 10609 | D:11     | Noticed a boulder beetle
 11012 | D:10     | Slain by a boulder beetle

Illustrated notes

Levels and vault maps discovered:
D:1:      dpeg_arrival_oval, layout_basic, minmay_octomino_e4
D:2:      layout_loops_cross, serial_shops, nicolae_diamond_shop
D:3:      layout_loops_ring, serial_shops, nicolae_shop_bloodbath_and_beyond
D:4:      layout_cave_pools, minmay_shop_damaged, minmay_distorted, uniq_sigmund
D:5:      layout_basic, kennysheep_boxes, uniq_prince_ribbit1, uniq_eustachio
D:6:      layout_basic, nicolae_overflow_squiral,
          mainiacjoe_overflow_concentric_impassable, okawaru_ov_weapons_minmay,
          minmay_temple_entry_overgrown, corexii_hall_statues_t,
          serial_bayou_lake_a
D:7:      layout_basic, grunt_ministairs_13, uniq_maggie, uniq_joseph,
          uniq_crazy_yiuf_cottage
D:8:      layout_basic, corexii_corridor_pit
D:9:      layout_loops_ring, doesnt_xom_only_xom,
          nicolae_tso_swordbearing_angel, ebering_ghost_xom
D:10:     layout_cave_pods, hangedman_incinerator, uniq_erolcha
D:11:     minmay_the_grid_4x2 [minmay_the_grid_minigrid_large,
          minmay_the_grid_medium_cups, minmay_the_grid_armoury,
          minmay_the_grid_aliased_spiral, minmay_the_grid_fan,
          minmay_the_grid_gridbox, minmay_the_grid_outer_circle,
          minmay_the_grid_prize_diamond_cup], layout_rooms, david_lair_generic,
          david_orc_3

Skill      XL: |  1  2  3  4  5  6  7  8  9 10 11 |
---------------+----------------------------------+-----
Armour         | 3 4 5 6 7 |  7.0
Axes           | 2 3 4 |  4.8
Shields        | 3 4 |  4.3
Fighting       | 4 5 6 7 |  7.7
Maces & Flails | 2 5 8 10 11 | 11.5
Invocations    | 1 4 6 |  6.7

Action                   |  1- 3 |  4- 6 |  7- 9 | 10-12 || total
-------------------------+-------+-------+-------+-------++-------
Melee: War axe           |   109 |   121 |       |       ||   230
       Long sword        |       |     9 |    64 |       ||    73
       Eveningstar       |       |       |   184 |   372 ||   556
Invok: Heroism           |       |       |       |     9 ||     9
       Finesse           |       |       |       |     4 ||     4
Evoke: Wand              |       |       |     3 |     1 ||     4
  Use: Scroll            |     3 |     5 |     6 |     4 ||    18
       Potion            |       |     1 |    10 |     1 ||    12
 Stab: Petrifying        |       |       |     1 |       ||     1
       Sleeping          |       |       |       |     2 ||     2
Armor: Scale mail        |   117 |    73 |   134 |       ||   324
       Steam dragon scal |       |       |     4 |   163 ||   167
Dodge: Dodged            |    76 |    63 |   133 |   194 ||   466
Block: Buckler           |    43 |    33 |    68 |    77 ||   221

Table legend: (Time is in decaauts)
 A = Elapsed time spent in this place.
 B = Non-inter-level travel time spent in this place.
 C = Inter-level travel time spent in this place.
 D = Time resting spent in this place.
 E = Time spent auto-exploring this place.
 F = Levels seen in this place.
 G = Mean time per level.
                   A        B        C        D        E       F      G
               +--------+--------+--------+--------+--------+-----+--------+
         Total |  11164 |  10820 |    344 |   1346 |   7157 |  11 | 1014.9 |
       Dungeon |  11164 |  10820 |    344 |   1346 |   7157 |  11 | 1014.9 |
               +--------+--------+--------+--------+--------+-----+--------+

Top non-repeatable levels by time:
    D:10: 1489 daAuts
     D:8: 1423 daAuts
     D:4: 1281 daAuts
     D:2: 1273 daAuts
     D:1: 1154 daAuts
     D:5: 991 daAuts
     D:9: 942 daAuts
     D:6: 938 daAuts
     D:7: 839 daAuts
     D:3: 813 daAuts
    D:11: 16 daAuts
